Map: Remanso LE

Players

Filipesmith

  • Race: Terran Terran
  • Spawn Location: 11:00

IagoAbreu - Winner!

  • Race: Zerg Zerg
  • League: Gold
  • Spawn Location: 5:00

VOD

Have the link to the VOD?

Description

Time

  • Played on: May 12, 2018, 11:22 a.m.
  • Length: 8:01
Show
View Real Time Build Order
Export as new Build Order

Filipesmith Terran 

Build Orders:  

Get SALT Encoding   

  12  0:05  SCV  
  13  0:30  Supply Depot  
  13  0:38  SCV  
  14  0:46  Refinery  
  14  0:50  SCV  
  14  0:53  Supply Depot  
  15  1:08  Refinery  
  15  1:24  Barracks  
  15  1:33  Barracks  
  15  1:42  SCV  
  16  1:54  SCV  
  17  2:06  SCV  
  18  2:14  Reaper  
  19  2:22  Barracks  
  19  2:31  Factory  
  19  2:46  Reaper  
  19  2:47  Marine  
  21  3:04  Marine  
  22  3:11  Barracks  
  22  3:22  Marine  
  23  3:40  Marine  
  20  3:54  Marine  
  20  3:58  Marine  
  18  4:12  Marine  
  18  4:16  Marine  
  15  4:23  SCV  
  15  4:30  Marine  
  16  4:33  Marine  
  16  4:35  SCV  
  18  4:47  Marine  
  18  4:48  SCV  
  18  4:51  Marine  
  18  5:00  SCV  
  17  5:05  Marine  
  17  6:04  SCV  
Show
View Real Time Build Order
Export as new Build Order

IagoAbreu Zerg - Winner!

Build Orders: Pool First 

Get SALT Encoding   

  12  0:02  Drone  
  13  0:13  Overlord  
  13  0:18  Drone  
  14  0:26  Extractor  
  13  0:29  Extractor  
  13  0:34  Evolution Chamber  
  11  0:36  Drone  
  11  0:40  Drone  
  13  0:45  Drone  
  14  1:05  Spawning Pool  
  13  1:20  Drone  
  14  1:35  Hatchery  
  14  1:39  Drone  
  14  1:44  Drone  
  15  1:48  Drone  
  16  2:01  Drone  
  16  2:02  Drone  
  18  2:16  Zerg Missile Weapons Level 1  
  18  2:19  Drone  
  19  2:46  Roach Warren  
  19  2:47  Drone  
  19  2:48  Drone x2  
  21  2:59  Spine Crawler  
  20  3:09  Spine Crawler  
  19  3:18  Zergling x6  
  22  3:28  Queen  
  24  3:34  Drone  
  24  4:12  Spine Crawler  
  21  4:32  Drone x2  
  21  4:33  Drone  
  24  4:39  Roach x2  
  24  4:44  Overlord  
  30  5:05  Roach x2  
  30  5:33  Roach x2  
  30  5:37  Overlord x3  
  30  7:22  Roach x5  
  30  7:23  Roach  
Tags
 
League
Gold
Matchup
TvZ
Opening
Pool First
Spawn Locations
Cross Positions
Add a new tag
Caveats
  • Supply blocks, unpowered buildings, or Contaminate may cause inaccurate times.
  • Supply counts are checked every 10 seconds.